Kradschützen Motorcycle Team
Selects Italian Combined Arms Battlegroup
Selects Bersaglieri Squad
Construct Light Support Kompanie
Selects Bersaglieri Bolster
Selects Breda Model 30 Light Machine Guns
Construct Mechanized Kompanie
254 Reconnaissance Tractor
Selects Semovente da 75/18 Assault Gun
Construct Panzerarmee Kommand
Walking Stuka Rocket Launcher
Marder III Tank Destroyer
Walking Stuka Rocket Launcher
Marder III Tank Destroyer
Marder III Tank Destroyer
Marder III Tank Destroyer
Marder III Tank Destroyer
18-tonne Recovery Half-track
Marder III Tank Destroyer